 Dungeon Crawl Stone Soup version 0.22-a0-567-gff9aefc (webtiles) character file.

403 Amnesiac the Sneak (level 6, 0/32 HPs)
             Began as a Spriggan Fighter on June 30, 2018.
             Slain by an orc warrior
             ... wielding a +0 hand axe
              (20 damage)
             ... on level 5 of the Dungeon.
             The game lasted 00:06:08 (3114 turns).

Amnesiac the Sneak (Spriggan Fighter)               Turns: 3114, Time: 00:06:09

Health: 0/32       AC:  2    Str: 14    XL:     6   Next: 55%
Magic:  7/7        EV: 19    Int: 10    God:
Gold:   145        SH:  6    Dex: 15    Spells: 5/5 levels left

rFire    . . .     SeeInvis +   a - +3 dagger
rCold    . . .     Gourm    .   c - +0 buckler
rNeg     . . .     Faith    .   b - +0 robe
rPois    .         Spirit   .   (helmet restricted)
rElec    .         Reflect  .   (no cloak)
rCorr    .         Harm     .   (gloves unavailable)
MR       +....                  (boots unavailable)
Stlth    +++.......             (no amulet)
HPRegen  0.10/turn              (no ring)
MPRegen  0.10/turn              (no ring)

@: very quick
A: very small, unfitting armour, see invisible, herbivore, speed 3, slow
metabolism 2
a: no special abilities


You were on level 5 of the Dungeon.
You were not hungry.

You visited 1 branch of the dungeon, and saw 5 of its levels.

You collected 145 gold pieces.

Inventory:

Hand Weapons
 a - a +3 dagger (weapon)
 l - a +0 hunting sling
 o - a +0 scimitar
Missiles
 g - 44 poisoned needles
 m - 54 sling bullets
Armour
 b - a +0 robe (worn)
 c - a +0 buckler (worn)
Jewellery
 s - a cursed -2 ring of dexterity {unknown}
Wands
 p - a wand of iceblast (6)
Scrolls
 e - a scroll of remove curse {!r, unknown}
 i - a scroll of teleportation {!r, unknown}
 j - 3 scrolls of immolation {!r, unknown}
 n - 2 scrolls of identify {!r, unknown}
 q - a scroll of amnesia {!r, unknown}
 r - a scroll of enchant armour {!r, unknown}
 t - a scroll of vulnerability {!r, unknown}
Potions
 d - a potion of haste {!q, unknown}
 h - a potion of heal wounds {!q}
 k - a potion of berserk rage {!q, unknown}
Comestibles
 f - 5 rations


   Skills:
 - Level 2.4 Fighting
 * Level 6.1 Short Blades
 - Level 4.4 Dodging
 + Level 6.1 Stealth
 - Level 2.4 Shields


You had 5 spell levels left.
You didn't know any spells.
Your spell library was empty.

Dungeon Overview and Level Annotations

Branches:
Dungeon (5/15)
 Temple: D:4-7

Altars:
Ashenzari
Gozag
Makhleb
Wu Jian
Xom


Innate Abilities, Weirdness & Mutations

You are very small and have problems with some larger weapons.
You are too small for most types of armour.
You have supernaturally acute eyesight. (SInv)
You are a herbivore.
You cover ground extremely quickly.
You need to consume almost no food.


Message History

Found an opulent altar of Gozag.
You now have 116 gold pieces (gained 12).
n - 2 scrolls labeled LEEMUWNEHEI {!r} (gained 1)
Found 26 bolts.
A jelly comes into view.
You see here 17 gold pieces.
There are no items here.
You see here 17 gold pieces.
You now have 133 gold pieces (gained 17).
The jelly quivers.
The jelly barely misses you.
You hit the jelly.
Your hands burn!
The jelly is lightly wounded.
The jelly barely misses you.
You hit the jelly.
Your hands burn!
The jelly is moderately wounded.
You hit the jelly.
Your hands burn!
The jelly is heavily wounded.
The jelly closely misses you.
You hit the jelly.
Your hands burn!
The jelly is severely wounded.
The jelly misses you.
You hit the jelly.
Your hands burn!
* * * LOW HITPOINT WARNING * * *
The jelly is severely wounded.
The jelly misses you.
You hit the jelly.
Your hands burn!
* * * LOW HITPOINT WARNING * * *
The jelly is almost dead.
You hit the jelly.
You kill the jelly!
Your Stealth skill increases to level 6!
You start resting.
HP restored.
t - a scroll labeled SUSUM ODEDITAI {!r} You open the door.
An orc warrior comes into view. It is wielding a hand axe.
Found 12 gold pieces.
An orc warrior is nearby!
There is an open door here.
You now have 145 gold pieces (gained 12).
There are no items here.
An orc and a skeleton come into view.
The orc shouts!
You open the door.
A hound comes into view.
Found a spiked helmet.
There is an open door here.
An orc comes into view. It is wielding a morningstar.
An adder comes into view.
A crimson imp comes into view.
The crimson imp shouts!
The adder hisses angrily.
Found 18 stones.
The adder completely misses you.
The crimson imp shouts, "Turn tail, thou simpering toenail-biting boar-pig!"
You block the crimson imp's attack. The adder bites you.
You block the adder's attack. The adder closely misses you.
The orc completely misses you. The orc hits you with a short sword.
The orc warrior shouts!
The orc warrior hits you with a hand axe!!
Ouch! That really hurt!
You die...

##.......##.............'.....#
#........#..............#.....#
#........#..............#.....#
#........##.......##...########
#...(....##.......##...#
#..................#......
#.........Sho......'........
#........5.Zo......#.........
################@#####.######'#
..## ##.####..o####.# . ...#
#............... ...#
#.............. ...#
#............... ...#
#...............
...########..###..##...#
...##...####.###..# ...#
.................... ..


You could see an orc warrior, a hound, a crimson imp, an adder, 2 orcs and a
howler monkey skeleton.

Vanquished Creatures
  3 howler monkeys
  A jelly (D:5)
  An orc priest (D:4)
  A bullfrog skeleton (D:4)
  A centaur skeleton (D:4)
  An orc wizard (D:4)
  A worker ant (D:4)
  7 adders
  2 oozes (D:2)
  A dart slug (D:3)
  4 leopard geckos
  5 orcs (D:4)
  2 bats
  2 giant cockroaches
  3 goblins
  2 hobgoblins
  A quokka (D:4)
  4 kobolds
  2 rats
44 creatures vanquished.

Notes
Turn   | Place    | Note
-------+----------+-------------------------------------------
     0 | D:1      | Amnesiac the Spriggan Fighter began the quest for the Orb.
     0 | D:1      | Reached XP level 1. HP: 11/11 MP: 2/2
    65 | D:1      | Reached skill level 1 in Stealth
   487 | D:2      | Reached XP level 2. HP: 16/16 MP: 3/3
   493 | D:2      | Found a burning altar of Makhleb.
   495 | D:2      | Found a shimmering altar of Xom.
   547 | D:2      | Reached XP level 3. HP: 19/19 MP: 4/4
  1258 | D:3      | Found an ornate altar of the Wu Jian Council.
  1288 | D:3      | Reached XP level 4. HP: 23/23 MP: 5/5
  1437 | D:3      | Found a shattered altar of Ashenzari.
  1580 | D:4      | Reached XP level 5. HP: 25/27 MP: 6/6
  1747 | D:5      | Entered Level 5 of the Dungeon
  1780 | D:4      | Reached skill level 5 in Short Blades
  1780 | D:4      | Reached skill level 5 in Stealth
  1863 | D:4      | Reached XP level 6. HP: 27/32 MP: 7/7
  2888 | D:5      | Found an opulent altar of Gozag.
  3066 | D:5      | Noticed an orc warrior
  3114 | D:5      | Slain by an orc warrior

Vault maps used:
D:1:      sevenhm_arrival_forest_fort_large_2
D:2:      minmay_wonky_spiral, nicolae_overflow_hidden_temple, first_ration,
          serial_bayou_pond_d
D:3:      nicolae_ashenzari_panopticon, overflow_temple_1_default,
          gammafunk_ghost_icy
D:4:      minmay_checkerbox
D:5:      basic_altar, dk_vineyard_1, grunt_ministairs_13

Skill      XL: |  1  2  3  4  5  6 |
---------------+-------------------+-----
Stealth        | 2 3 4 5 6 |  6.1
Short Blades   | 3 4 5 6 |  6.1
Fighting       | |  2.4
Dodging        | |  4.4
Shields        | |  2.4

Action                   |  1- 3 |  4- 6 || total
-------------------------+-------+-------++-------
Melee: Rapier            |    39 |       ||    39
       Dagger            |    16 |   169 ||   185
 Fire: Hunting sling     |       |     2 ||     2
  Use: Potion            |     1 |     1 ||     2
 Stab: Sleeping          |     5 |     1 ||     6
Armor: Robe              |     3 |     4 ||     7
Dodge: Dodged            |    32 |    74 ||   106
Block: Buckler           |    20 |    31 ||    51

Table legend:
 A = Spawn XP
 B = Non-spawn XP
 C = Spawn XP percentage of total XP
 D = Spawn monster count
 E = Non-spawn monster count
 F = Spawn count percentage of total count
 G = Total turns spent on level
                    A         B        C        D         E        F      G
               +---------+---------+-------+---------+---------+-------+---------
         Total |       0 |     576 |   0.0 |       0 |      44 |   0.0 |  3114
               +---------+---------+-------+---------+---------+-------+---------
           D:1 |       0 |       7 |   0.0 |       0 |       4 |   0.0 |   145
           D:2 |       0 |      86 |   0.0 |       0 |      16 |   0.0 |  1113
           D:3 |       0 |      76 |   0.0 |       0 |       5 |   0.0 |   223
           D:4 |       0 |     355 |   0.0 |       0 |      17 |   0.0 |  1357
           D:5 |       0 |      52 |   0.0 |       0 |       2 |   0.0 |   276
               +---------+---------+-------+---------+---------+-------+---------
